 Dungeon Crawl Stone Soup version 0.31-a0-1068-g5939ac1fb6 (webtiles) character file.

Game seed: 2674290909532553051

44 kae the Firebug (level 3, -41/20 HPs)
             Began as a Deep Elf Fire Elementalist on Nov 23, 2023.
             Killed by an exploding goblin (42 damage)
             ... ignited by their inner flame
             ... on level 2 of the Dungeon.
             The game lasted 00:00:59 (1246 turns).

kae the Firebug (Deep Elf Fire Elementalist)        Turns: 1246, Time: 00:01:00

Health: -41/20     AC:  2    Str:  5    XL:     3   Next: 39%
Magic:  8/9        EV: 13    Int: 21    God:
Gold:   53         SH:  0    Dex: 15    Spells: 2/8 levels left

rFire   . . .        (no weapon)
rCold   . . .        (no shield)
rNeg    . . .        a - +0 robe
rPois   .            (no helmet)
rElec   .            (no cloak)
rCorr   .            (no gloves)
SInv    .            (no boots)
Will    .....        g - amulet of magic regeneration
Stlth   ++           (no ring)
HPRegen 0.23/turn    (no ring)
MPRegen 0.51/turn

%: no passive effects
@: no status effects
A: no striking features
a: no special abilities


You were on level 2 of the Dungeon.
You visited 1 branch of the dungeon, and saw 2 of its levels.

You collected 53 gold pieces.


   Skills:
 + Level 0.7 Fighting
 + Level 0.7 Armour
 + Level 2.8 Dodging
 - Level 2.4 Stealth
 + Level 3.2 Spellcasting
 + Level 1.7 Conjurations
 + Level 0.1 Hexes
 * Level 3.8 Fire Magic


You had 2 spell levels left.
You knew the following spells:

 Your Spells              Type           Power      Damage    Failure   Level
a - Foxfire               Conj/Fire      60%        2x1d7     4%          1
b - Scorch                Fire           38%        2d6       4%          2
c - Inner Flame           Hex/Fire       11%        N/A       17%         3

Your spell library contained the following spells:

 Spells                   Type           Power      Damage    Failure   Level
 Volatile Blastmotes      Fire/Tloc      22%        2d11      19%         3
 Hailstorm                Conj/Ice       6%         3d4       28%         3
 Flame Wave               Conj/Fire      15%        2d7       38%         4
 Summon Ice Beast         Ice/Summ       3%         N/A       78%         4
 Simulacrum               Ice/Necr       1%         N/A       100%        6

Inventory:

Missiles
 d - 25 stones
Armour
 a - a +0 robe (worn)
Jewellery
 g - an amulet of magic regeneration (around neck)
   (You found it on level 2 of the Dungeon)
Scrolls
 c - 2 scrolls of noise {!r}
 e - 2 scrolls of identify {@r1}
Potions
 b - a potion of magic

Dungeon Overview and Level Annotations

Branches:
Dungeon (2/15) Zot: 10753

Altars:

Annotations:
D:2 Robin

#.## # .# #...
#. .# ####
###.####.## #
#.........# #
#.........###
#...........#
##....gg§v§#.###
#.....gg@§§.....
#...$.gg§§§.####
#.....g.g.....#
#......g......#
#.............#
#.#######.....#
. .....# ######


You could see Robin (inner flame), 3 hobgoblins and 5 goblins.


Message History

😎 MP[+1]
Your mp is fully restored (9).
An adder comes into view.
An adder is nearby!
An adder is nearby!
Okay, then.
Casting: Foxfire (safe; 4% risk of failure)
Confirm with . or Enter, or press ? or * to list all spells.
You conjure some foxfire!
The adder hisses angrily.
The foxfire hits the adder. x2; The adder bites you. x2 😕 HP[-3] MP[-1]
You take 3 damage, and now have 17/20 hp.
You lost 1 mp, and now have 8/9 mp.
Casting: Foxfire (safe; 4% risk of failure)
Confirm with . or Enter, or press ? or * to list all spells.
You conjure some foxfire!
The adder closely misses you.
The foxfire hits the adder.
You kill the adder! 😕 MP[-1]
You lost 1 mp, and now have 7/9 mp.
You start putting on your amulet.
You continue putting on your amulet of magic regeneration. x5
You finish putting on your amulet of magic regeneration.
The amulet cannot attune itself to your exhausted body.
g - an amulet of magic regeneration (around neck) 😕 HP[+1] MP[+1]
Your amulet attunes itself to your body and you begin to regenerate magic more quickly.
d - 25 stones (gained 8)
A hobgoblin comes into view. 😎 HP[+2] MP[+1]
Your hp is fully restored (20).
Your mp is fully restored (9).
A hobgoblin is nearby!
A hobgoblin is nearby!
A hobgoblin is nearby!
Casting: Foxfire (safe; 4% risk of failure)
Confirm with . or Enter, or press ? or * to list all spells.
You conjure some foxfire!
Casting: Foxfire (safe; 4% risk of failure)
Confirm with . or Enter, or press ? or * to list all spells.
You conjure some foxfire!
The foxfire hits the hobgoblin.
You kill the hobgoblin!
Casting: Foxfire (safe; 4% risk of failure)
Confirm with . or Enter, or press ? or * to list all spells.
You conjure some foxfire!
Casting: Foxfire (safe; 4% risk of failure)
Confirm with . or Enter, or press ? or * to list all spells.
You conjure some foxfire!
A malevolent force fills the Dungeon... and a teleportation trap spontaneously manifests!
You are yanked towards some nearby monsters!
Your surroundings suddenly seem different.
Robin, 3 hobgoblins, 7 goblins and a rat come into view.
A goblin is wielding a +0 dagger of pain.
Robin shouts!
The goblin shouts! x4; The hobgoblin shouts!
The goblin shouts!
Robin hits you from afar with a +0 spear.
The goblin barely misses you. 😕 HP[-3]
You take 3 damage, and now have 17/20 hp.
There are monsters nearby!
There are monsters nearby!
Unknown command.
There are monsters nearby!
There are monsters nearby!
Unknown command.
Unknown command.
As you read the scroll labelled BUXKAMA CENIOPH, it crumbles to dust.
It is a scroll of identify.
c - 2 scrolls of noise Robin barely misses you.
The goblin misses you. x2
The goblin hits you with a +0 club. The rat barely misses you. 😮 HP[-3]
You take 3 damage, and now have 14/20 hp.
As you read the scroll labelled DEAPURONON, it crumbles to dust.
The creatures around you are filled with an inner flame!
It was a scroll of immolation.
Robin throws the goblin at you! The goblin closely misses you.
The goblin hits you but does no damage. The goblin hits you with a +0 club.
The rat misses you. The goblin misses you. 😮 HP[-3]
You take 3 damage, and now have 11/20 hp.
Unknown command.
Robin throws the goblin at you! The goblin attacks as it pursues you!
The goblin hits you with a +0 dagger.
* * * LOW HITPOINT WARNING * * *
The rat bites you but does no damage. The goblin hits you with a +0 club.
* * * LOW HITPOINT WARNING * * *
😱 HP[-6]
You take 6 damage, and now have 5/20 hp.
MASSIVE DAMAGE!! (PAUSE)
Casting: Foxfire (safe; 4% risk of failure)
Confirm with . or Enter, or press ? or * to list all spells.
You conjure some foxfire!
The goblin closely misses you. The rat bites you.
* * * LOW HITPOINT WARNING * * *
Robin hits you from afar with a +0 spear.
* * * LOW HITPOINT WARNING * * *
The foxfire hits the goblin.
The goblin explodes!
The fiery explosion engulfs the goblin!!
The fiery explosion engulfs the rat!!!
The fiery explosion engulfs you!!!
Ouch! That really hurt!
You die...

Action                     || total
---------------------------++-------
  Melee: Unarmed           ||    10
   Cast: Foxfire           ||    71
    Use: Scroll            ||     2
 Armour: Robe              ||    34
  Dodge: Dodged            ||    33

Levels and vault maps discovered:
D:1:      nzn_arrival_settlement, layout_rooms, serial_glass, glass_columns_a,
          glass_columns_c, glass_columns_a, glass_columns_a, glass_columns_b,
          glass_columns_b, glass_columns_a, glass_columns_c, glass_columns_c,
          glass_columns_b, glass_columns_b, glass_columns_a, glass_columns_a,
          glass_columns_b
D:2:      layout_loops_cross, uniq_sigmund, uniq_jessica, uniq_robin

Notes
Turn   | Place    | Note
-------+----------+-------------------------------------------
     0 | D:1      | kae the Deep Elf Fire Elementalist began the quest for the
                  | Orb.
     0 | D:1      | Reached XP level 1. HP: 10/10 MP: 6/6
     0 | D:1      | magus.rc [v1.11.3]
   221 | D:1      | Reached XP level 2. HP: 15/15 MP: 2/8
   442 | D:1      | Learned a level 2 spell: Scorch
   454 | D:1      | You pick up a book of the Tundra and begin reading...
   454 | D:1      | You add the spells Hailstorm, Summon Ice Beast and
                  | Simulacrum to your library.
   707 | D:1      | Reached XP level 3. HP: 19/20 MP: 4/9
   714 | D:1      | Learned a level 3 spell: Inner Flame
  1242 | D:2      | Noticed Robin
  1245 | D:2      | HP: 5/20 [goblin/+0 club[Robin] (4)]
  1246 | D:2      | HP: 1/20 [Robin/+0 spear (3)]
  1246 | D:2      | Killed by an exploding goblin... ignited by their inner
                  | flame

Vanquished Creatures
  An adder (D:2)
  A dart slug (D:1)
  6 endoplasms (D:1)
  A giant cockroach (D:1)
  3 goblins (D:2)
  3 hobgoblins
  3 jackals (D:1)
  A kobold (D:1)
  2 quokkas (D:1)
  3 ball pythons (D:1)
  3 bats (D:1)
  2 frilled lizards (D:1)
  3 rats
32 creatures vanquished.

Vanquished Creatures (others)
  116 foxfires
116 creatures vanquished.

Grand Total: 148 creatures vanquished

Table legend:
 A = Non-vault XP
 B = Vault XP
 C = Vault XP percentage of total XP
 D = Non-vault monster count
 E = Vault monster count
 F = Vault count percentage of total count
                 A         B        C        D         E       F
            +---------+---------+-------+---------+---------+-------
      Total |      64 |       4 |   5.9 |      30 |       2 |   6.2
            +---------+---------+-------+---------+---------+-------
        D:1 |      45 |       0 |   0.0 |      25 |       0 |   0.0
        D:2 |      19 |       4 |  17.4 |       5 |       2 |  28.6
            +---------+---------+-------+---------+---------+-------

Action                     || total
---------------------------++-------
  Melee: Unarmed           ||    10
   Cast: Foxfire           ||    71
    Use: Scroll            ||     2
 Armour: Robe              ||    34
  Dodge: Dodged            ||    33

Illustrated notes

Table legend:
 A = Kills in this place as a percentage of kills in the entire game.
 B = Kills by you in this place as a percentage of kills by you in the entire game.
 C = Kills by friends in this place as a percentage of kills by friends in the entire game.
 D = Other kills in this place as a percentage of other kills in the entire game.
 E = Experience gained in this place as a percentage of experience gained in the entire game.
 F = Experience gained in this place divided by the number of levels of this place that you have seen.
                   A       B       C       D       E      F
               +-------+-------+-------+-------+-------+----------------------
         Total | 100.0 | 100.0 |   N/A |   N/A | 100.0 |  34.0
       Dungeon | 100.0 | 100.0 |   N/A |   N/A | 100.0 |  34.0
               +-------+-------+-------+-------+-------+----------------------

Table legend: (Time is in decaauts)
 A = Elapsed time spent in this place.
 B = Non-inter-level travel time spent in this place.
 C = Inter-level travel time spent in this place.
 D = Time resting spent in this place.
 E = Time spent auto-exploring this place.
 F = Levels seen in this place.
 G = Mean time per level.
                   A        B        C        D        E       F      G
               +--------+--------+--------+--------+--------+-----+--------+
         Total |   1245 |   1200 |     45 |      0 |    976 |   2 |  622.5 |
       Dungeon |   1245 |   1200 |     45 |      0 |    976 |   2 |  622.5 |
               +--------+--------+--------+--------+--------+-----+--------+

Top non-repeatable levels by time:
     D:1: 1006 daAuts
     D:2: 239 daAuts
